[Event "Titled Tuesday Blitz March 07 Late 2023"]
[White "Indjic, Aleksandar"]
[Black "Bortnyk, Mykola"]
[WhiteFideId "911925"]
[BlackFideId "14120836"]
[WhiteElo "2614"]
[BlackElo "2582"]
[Result "1-0"]
[Round "11"]
[TimeControl "180+2"]
[Date "2023.03.07"]
[WhiteClock "0:01:55"]
[BlackClock "0:02:05"]

1. d4 Nf6 2. c4 e6 3. Nc3 Bb4 4. Qc2 O-O 5. a3 Bxc3+ 6. Qxc3 d5 7. Nf3 Nbd7 8. Bg5 h6 9. Bh4 b6 10. cxd5 exd5 11. Qc6 Ba6 12. Rc1 Re8 13. e3 Bxf1 14. Rxf1 Rc8 15. Bxf6 Nxf6 16. Ne5 Re6 17. Qb7 c5 18. Qxf7+ 1-0


[Site "https://www.chess.com"]

[Event "Titled Tuesday Blitz March 07 Late 2023"]
[White "Rustemov, Alexander"]
[Black "Durarbayli, Vasif"]
[WhiteFideId "4119002"]
[BlackFideId "13402935"]
[WhiteElo "2879"]
[BlackElo "2543"]
[Result "1/2-1/2"]
[Round "11"]
[TimeControl "180+2"]
[Date "2023.03.07"]
[WhiteClock "0:01:09"]
[BlackClock "0:00:38"]

1. d4 Nf6 2. c4 e6 3. Nf3 c5 4. d5 exd5 5. cxd5 d6 6. Nc3 g6 7. h3 Bg7 8. e4 O-O 9. Bd3 b5 10. Bxb5 Nxe4 11. Nxe4 Qa5+ 12. Nfd2 Qxb5 13. Nxd6 Qa6 14. N2c4 Nd7 15. O-O Ne5 16. Nxe5 Bxe5 17. Nxc8 Raxc8 18. Re1 Qd6 19. Qf3 Rfd8 20. Rb1 Qxd5 21. Qxd5 Rxd5 22. b3 Bc3 23. Rf1 h5 24. Be3 Bd4 25. Rfd1 Rcd8 26. Bxd4 cxd4 27. Rbc1 Kg7 28. Rc6 d3 29. Kf1 d2 30. Rc3 a5 31. Ke2 Re5+ 32. Re3 Red5 33. Rc3 Re5+ 34. Re3 Red5 35. Rc3 1/2-1/2


[Site "https://www.chess.com"]

[Event "Titled Tuesday Blitz March 07 Late 2023"]
[White "Samsonkin, Artiom"]
[Black "Kamsky, Gata"]
[WhiteFideId "13503111"]
[BlackFideId "2000024"]
[WhiteElo "2524"]
[BlackElo "2666"]
[Result "0-1"]
[Round "11"]
[TimeControl "180+2"]
[Date "2023.03.07"]
[WhiteClock "0:00:01"]
[BlackClock "0:00:37"]

1. e4 g6 2. d4 Bg7 3. Nc3 d6 4. f4 a6 5. Nf3 b5 6. a4 b4 7. Nd5 a5 8. Bd3 e6 9. Ne3 Ba6 10. O-O Nd7 11. Bxa6 Rxa6 12. f5 exf5 13. exf5 Ngf6 14. Qe2 Ra8 15. fxg6 hxg6 16. Nf5+ Kf8 17. Nxg7 Kxg7 18. Bg5 Qe8 19. Qc4 Qe6 20. Qxc7 Rhc8 21. Bxf6+ Nxf6 22. Qb7 Rab8 23. Qa6 Rxc2 24. Rae1 Qd5 25. Re7 Re8 26. Rxe8 Nxe8 27. b3 Nf6 28. Qa7 Ng4 29. Re1 Qxb3 30. h3 Ne3 31. Kh1 Nxg2 32. Rf1 Ne3 0-1


[Site "https://www.chess.com"]

[Event "Titled Tuesday Blitz March 07 Late 2023"]
[White "Bortnyk, Olexandr"]
[Black "Bluebaum, Matthias"]
[WhiteFideId "14120828"]
[BlackFideId "24651516"]
[WhiteElo "2734"]
[BlackElo "2638"]
[Result "1-0"]
[Round "11"]
[TimeControl "180+2"]
[Date "2023.03.07"]
[WhiteClock "0:01:17"]
[BlackClock "0:00:22"]

1. d4 d5 2. Nc3 e6 3. Bf4 Nf6 4. Nb5 Bb4+ 5. c3 Ba5 6. a4 O-O 7. b4 a6 8. bxa5 axb5 9. axb5 c5 10. e3 Ne4 11. Ne2 cxd4 12. exd4 Bd7 13. f3 Nf6 14. b6 Nc6 15. Bc7 Qe7 16. a6 Rxa6 17. Rxa6 bxa6 18. Kf2 Ne8 19. Bg3 Nd6 20. Nc1 Rb8 21. Qb3 Bc8 22. Bd3 h5 23. h4 Rb7 24. Re1 Qd8 25. Bxd6 Qxd6 26. Bxa6 Rb8 27. Bxc8 Rxc8 28. Nd3 Rb8 29. Ra1 Nd8 30. Ra6 Qe7 31. g3 Qb7 32. Qb5 Qc6 33. Qxc6 Nxc6 34. Nc5 Nd8 35. b7 Kf8 36. Nd7+ Ke7 37. Nxb8 Nxb7 38. Ra7 Kf6 39. Rxb7 g5 40. hxg5+ Kxg5 41. Rxf7 e5 42. dxe5 h4 43. gxh4+ Kh6 44. Rf6+ Kh5 45. Nc6 Kxh4 46. Rg6 Kh5 47. Rg4 d4 48. Nxd4 Kh6 49. f4 Kh7 50. Kf3 Kh6 51. f5 Kh5 52. f6 Kh6 53. e6 Kh7 54. c4 Kh6 55. c5 Kh5 56. c6 Kh6 57. c7 Kh7 58. e7 Kh6 59. f7 Kh5 60. c8=Q Kh6 61. e8=Q Kh7 62. Qg8+ Kh6 63. Qce8 Kh5 64. f8=Q# 1-0


[Site "https://www.chess.com"]

[Event "Titled Tuesday Blitz March 07 Late 2023"]
[White "Vazquez, Guillermo"]
[Black "Hambleton, Aman"]
[WhiteFideId "3702308"]
[BlackFideId "2606577"]
[WhiteElo "2543"]
[BlackElo "2511"]
[Result "1-0"]
[Round "11"]
[TimeControl "180+2"]
[Date "2023.03.07"]
[WhiteClock "0:01:27"]
[BlackClock "0:00:01"]

1. b3 e5 2. Bb2 Nc6 3. c4 g6 4. e3 Bg7 5. Nf3 d6 6. Nc3 Nf6 7. Be2 O-O 8. O-O e4 9. Ne1 d5 10. cxd5 Nxd5 11. Qc1 Nf6 12. d3 exd3 13. Nxd3 Bf5 14. Rd1 Qe7 15. Ba3 Qe6 16. Bxf8 Rxf8 17. Qd2 Ne4 18. Nxe4 Bxa1 19. Nec5 Qf6 20. Nxb7 Bc3 21. Qc1 Bxd3 22. Rxd3 Nb4 23. Qxc3 Qb6 24. Rd4 Nc6 25. Rc4 1-0


[Site "https://www.chess.com"]

[Event "Titled Tuesday Blitz March 07 Late 2023"]
[White "Adewumi, Tanitoluwa"]
[Black "Deac, Bogdan-Daniel"]
[WhiteFideId "30966396"]
[BlackFideId "1226380"]
[WhiteElo "2753"]
[BlackElo "2649"]
[Result "0-1"]
[Round "11"]
[TimeControl "180+2"]
[Date "2023.03.07"]
[WhiteClock "0:00:02"]
[BlackClock "0:00:38"]

1. e4 c6 2. d4 d5 3. exd5 cxd5 4. Bd3 Nf6 5. c3 Bg4 6. Qb3 Qc7 7. h3 Bd7 8. Ne2 Nc6 9. Bf4 e5 10. dxe5 Nxe5 11. O-O Bd6 12. Bb5 Bc6 13. Nd4 O-O 14. Nd2 a6 15. Bxc6 bxc6 16. Qa4 c5 17. Nf5 Nf3+ 18. Nxf3 Bxf4 19. Rad1 Rfe8 20. Rfe1 Re6 21. Ne7+ Qxe7 22. Rxe6 Qxe6 23. Qxf4 a5 24. Qc7 Qc8 25. Qd6 Ra6 26. Qe7 Rb6 27. Ne5 Rb7 28. Qd6 h6 29. Nc6 Kh7 30. b3 Rd7 31. Qxc5 Rc7 32. Qxa5 Rxc6 33. c4 dxc4 34. bxc4 Rxc4 35. Kh2 Qc7+ 36. Qxc7 Rxc7 37. Rd2 Ra7 38. f3 Ra5 39. Kg3 Nd5 40. Kf2 Nc3 41. Ke3 Rxa2 42. Rxa2 Nxa2 43. Kd4 Kg6 44. g3 Kf5 45. f4 h5 46. Kc4 h4 47. gxh4 Kxf4 0-1


[Site "https://www.chess.com"]

[Event "Titled Tuesday Blitz March 07 Late 2023"]
[White "Grover, Sahaj"]
[Black "Ibarra Jerez, Jose Carlos"]
[WhiteFideId "5021103"]
[BlackFideId "2226332"]
[WhiteElo "2432"]
[BlackElo "2638"]
[Result "1-0"]
[Round "11"]
[TimeControl "180+2"]
[Date "2023.03.07"]
[WhiteClock "0:00:21"]
[BlackClock "0:00:01"]

1. e4 c5 2. Nf3 e6 3. d4 cxd4 4. Nxd4 Bc5 5. Nc3 Qb6 6. Be3 Nc6 7. Na4 Qa5+ 8. c3 Bxd4 9. Bxd4 Nxd4 10. Qxd4 e5 11. Qb4 Qxb4 12. cxb4 Nf6 13. Bd3 d6 14. Rc1 Bd7 15. Nc3 Ke7 16. Ke2 Rac8 17. f3 Be6 18. a3 d5 19. exd5 Nxd5 20. Nxd5+ Bxd5 21. Rc5 Kd6 22. Rhc1 Be6 23. Be4 b6 24. Rd1+ Ke7 25. Rxe5 f6 26. Rh5 g6 27. Rh4 g5 28. Rh6 Kf7 29. h4 gxh4 30. Rxh4 h6 31. Bd3 Rcd8 32. Rc1 Rd7 33. Rc3 Rhd8 34. Ke3 Kg7 35. g4 Bd5 36. Bf5 Re7+ 37. Kf4 Bf7 38. Rh2 Rd4+ 39. Kg3 Bc4 40. Rhc2 b5 41. b3 Bf7 42. Rc7 Rxc7 43. Rxc7 Kf8 44. Rxa7 Bxb3 45. Rb7 Bc4 46. Be4 Rd2 47. Rh7 Ra2 48. Rxh6 Kg7 49. Rh7+ Kf8 50. Ra7 Bb3 51. Kf4 Be6 52. Ra6 Ke7 53. Ra7+ Kd6 54. Rb7 Bc4 55. Rb6+ Ke7 56. Kf5 Rxa3 57. Rb7+ Kd6 58. Kxf6 Rb3 59. g5 Rxb4 60. g6 Ra4 61. g7 b4 62. Rb6+ Kd7 63. Bc6+ Kc7 64. Bxa4 Kxb6 65. Ke7 Kc5 66. f4 Kd4 67. f5 Ke5 68. f6 b3 69. Bxb3 Bxb3 70. f7 Bxf7 71. Kxf7 1-0


[Site "https://www.chess.com"]

[Event "Titled Tuesday Blitz March 07 Late 2023"]
[White "Iliaguev, Nisim"]
[Black "Zhigalko, Sergei"]
[WhiteFideId "2817276"]
[BlackFideId "13502956"]
[WhiteElo "2241"]
[BlackElo "2626"]
[Result "0-1"]
[Round "11"]
[TimeControl "180+2"]
[Date "2023.03.07"]
[WhiteClock "0:00:12"]
[BlackClock "0:01:42"]

1. d4 Nf6 2. Nf3 e6 3. g3 b5 4. Bg2 Bb7 5. O-O c5 6. a4 b4 7. c3 a5 8. cxb4 cxb4 9. b3 d6 10. Nbd2 Nbd7 11. Nc4 Be7 12. Bb2 O-O 13. e3 Qb8 14. Rc1 Rc8 15. Qd2 h6 16. h4 Bd5 17. Ne1 Bxg2 18. Nxg2 Qb7 19. Nf4 Ne4 20. Qe2 Nc3 21. Bxc3 bxc3 22. Qa2 d5 23. Na3 Bxa3 24. Qxa3 Rab8 25. Qe7 Nf6 26. Qc5 Rxc5 27. dxc5 Qxb3 28. Nd3 Ne4 29. Ne5 c2 30. Nc6 Nxc5 31. Nxb8 Nd3 32. Nc6 Nxc1 33. Rxc1 Qb2 34. Rf1 c1=Q 35. Rxc1 Qxc1+ 36. Kg2 Qxc6 37. Kf3 Qxa4 38. g4 Qe4+ 39. Kg3 a4 40. f3 Qxe3 41. h5 d4 42. Kh4 d3 43. g5 Qxg5+ 44. Kh3 d2 45. f4 Qxf4 46. Kg2 d1=Q 47. Kh3 Qdf3# 0-1


[Site "https://www.chess.com"]

[Event "Titled Tuesday Blitz March 07 Late 2023"]
[White "Golubka, Petro"]
[Black "Corrales Jimenez, Fidel"]
[WhiteFideId "14114224"]
[BlackFideId "3506690"]
[WhiteElo "2391"]
[BlackElo "2541"]
[Result "1-0"]
[Round "11"]
[TimeControl "180+2"]
[Date "2023.03.07"]
[WhiteClock "0:00:59"]
[BlackClock "0:00:15"]

1. e4 c5 2. b3 d5 3. exd5 Nf6 4. Bb2 Nxd5 5. Bc4 e6 6. Qg4 Nc6 7. Nf3 h5 8. Qe4 f5 9. Qe2 Nf4 10. Qf1 Nb4 11. Na3 a5 12. g3 Nfd5 13. Qe2 h4 14. c3 Nc6 15. Nb5 Be7 16. O-O-O a4 17. gxh4 axb3 18. axb3 O-O 19. Rhg1 Bf6 20. Ng5 Nf4 21. Qf3 Be5 22. d4 cxd4 23. cxd4 Bb8 24. d5 Nb4 25. Nxe6 Nxe6 26. dxe6 Qe7 27. Rxg7+ Qxg7 28. Bxg7 Kxg7 29. Qc3+ Kh6 30. Qd2+ Kh7 31. Qxb4 Bf4+ 32. Kb1 Re8 33. Qc5 Bh6 34. Qxf5+ Kh8 35. Qg6 Bg7 36. Qh5+ Kg8 37. Qxe8+ Kh7 38. Bd3+ Kh6 39. Qg6# 1-0


[Site "https://www.chess.com"]

[Event "Titled Tuesday Blitz March 07 Late 2023"]
[White "Pakleza, Zbigniew"]
[Black "Larino Nieto, David"]
[WhiteFideId "1119290"]
[BlackFideId "2256444"]
[WhiteElo "2410"]
[BlackElo "2506"]
[Result "0-1"]
[Round "11"]
[TimeControl "180+2"]
[Date "2023.03.07"]
[WhiteClock "0:00:01"]
[BlackClock "0:00:03"]

1. d4 e6 2. Nf3 b6 3. Bf4 Bb7 4. e3 d6 5. h3 Nd7 6. Be2 Be7 7. c4 a6 8. Nc3 g5 9. Bg3 h5 10. e4 Nh6 11. d5 e5 12. Qc2 h4 13. Bh2 g4 14. Ng1 Rg8 15. hxg4 Nxg4 16. Bxg4 Rxg4 17. f3 Rg6 18. O-O-O Bg5+ 19. Kb1 Qf6 20. Nh3 Be3 21. Rde1 Bd4 22. Nd1 Qg7 23. Re2 O-O-O 24. Nhf2 Rxg2 25. Ng4 Rxe2 26. Qxe2 f5 27. Nge3 fxe4 28. fxe4 Nc5 29. Nf5 Qg5 30. b4 Nd7 31. Nde3 Kb8 32. Nc2 Re8 33. Ncxd4 exd4 34. Nxd4 Ne5 35. Rg1 Qe7 36. Nf5 Qd7 37. Kb2 Qa4 38. a3 b5 39. cxb5 axb5 40. Ne3 Nd7 41. Nc2 Nb6 42. Qd3 Nc4+ 43. Ka2 Rf8 44. Rg2 Bc8 45. Qb3 Qa7 46. Bg1 Qb7 47. Nd4 Bd7 48. a4 h3 49. Rh2 Ne5 50. Be3 Rf1 51. a5 Qc8 52. Qc3 Qg8 53. Qd2 Qg3 54. Bf4 Qxf4 55. Qxf4 Rxf4 56. Kb3 Rxe4 57. Nc2 Rf4 58. Kc3 Nf3 59. Rh1 Rc4+ 60. Kb2 h2 0-1


[Site "https://www.chess.com"]

[Event "Titled Tuesday Blitz March 07 Late 2023"]
[White "Zhu, Jiner"]
[Black "Albornoz Cabrera, Carlos Daniel"]
[WhiteFideId "8608059"]
[BlackFideId "3518736"]
[WhiteElo "2384"]
[BlackElo "2501"]
[Result "0-1"]
[Round "11"]
[TimeControl "180+2"]
[Date "2023.03.07"]
[WhiteClock "0:01:34"]
[BlackClock "0:02:21"]

1. e4 c5 2. Nf3 e6 3. d4 cxd4 4. Nxd4 Nc6 5. Nc3 Qc7 6. g3 a6 7. Bg2 Nf6 8. O-O h5 9. Re1 h4 10. e5 Nxe5 11. Bg5 hxg3 12. hxg3 Bc5 13. Nb3 Bxf2+ 14. Kxf2 Neg4+ 15. Kg1 Qxg3 16. Qd4 Rh1+ 0-1


[Site "https://www.chess.com"]

[Event "Titled Tuesday Blitz March 07 Late 2023"]
[White "Cuenca Jimenez, Jose Fernando"]
[Black "Melkumyan, Hrant"]
[WhiteFideId "2255570"]
[BlackFideId "13302485"]
[WhiteElo "2429"]
[BlackElo "2604"]
[Result "0-1"]
[Round "11"]
[TimeControl "180+2"]
[Date "2023.03.07"]
[WhiteClock "0:00:02"]
[BlackClock "0:00:26"]

1. d4 Nf6 2. c4 g6 3. Nc3 Bg7 4. e4 d6 5. h3 e5 6. d5 Na6 7. g4 Nc5 8. f3 a5 9. Be3 h5 10. g5 Nh7 11. Qd2 f6 12. h4 fxg5 13. hxg5 O-O 14. O-O-O Rf4 15. Bxf4 exf4 16. Qxf4 a4 17. Nge2 Bd7 18. Bh3 Bxh3 19. Rxh3 a3 20. b3 Qe7 21. Kc2 Nf8 22. Qe3 Nfd7 23. Nd4 Ne5 24. Rhh1 Rf8 25. Rhf1 Na6 26. f4 Ng4 27. Qd2 c5 28. dxc6 Nb4+ 29. Kb1 bxc6 30. f5 Qe5 31. f6 Nxf6 32. gxf6 Rxf6 33. Nxc6 Nxc6 34. Qd5+ Re6 35. Qxe5 Bxe5 36. Nb5 Kg7 37. Nxa3 h4 38. Nc2 Bg3 39. Nd4 Nxd4 40. Rxd4 g5 41. b4 Re8 42. b5 Be5 43. Rd5 g4 44. c5 dxc5 45. Rf5 h3 46. Rg5+ Kf6 47. Rxg4 h2 48. Rh4 Rg8 49. b6 Rg1+ 50. Kc2 h1=Q 51. Rxh1 Rxh1 52. a4 c4 53. a5 Rh2+ 54. Kd1 c3 55. Rc5 Rb2 56. Rc6+ Kg5 57. Rc5 Kf4 58. Rc4 Ke3 59. Kc1 Kd3 60. Rc5 Bf4+ 61. Kd1 Rb1# 0-1


[Site "https://www.chess.com"]

[Event "Titled Tuesday Blitz March 07 Late 2023"]
[White "Holt, Conrad"]
[Black "Berezin, Viktor"]
[WhiteFideId "2034387"]
[BlackFideId "14107872"]
[WhiteElo "2592"]
[BlackElo "2310"]
[Result "1-0"]
[Round "11"]
[TimeControl "180+2"]
[Date "2023.03.07"]
[WhiteClock "0:00:16"]
[BlackClock "0:00:04"]

1. d4 Nf6 2. c4 g6 3. Nc3 Bg7 4. e4 O-O 5. Nf3 d6 6. h3 c6 7. Bg5 Nbd7 8. Bd3 e5 9. O-O h6 10. Be3 Qe7 11. Re1 Nh5 12. Qd2 Kh7 13. Rad1 b6 14. g4 Nhf6 15. d5 c5 16. Kg2 a6 17. Nh2 Rb8 18. a4 Re8 19. Nf1 Nf8 20. Ng3 Qc7 21. f3 Bd7 22. h4 Bxg4 23. fxg4 Nxg4 24. Be2 Qd7 25. Rf1 Nxe3+ 26. Qxe3 Kg8 27. Rf2 Nh7 28. Rdf1 Rf8 29. Qf3 Rbe8 30. Qg4 Qd8 31. h5 Qg5 32. hxg6 fxg6 33. Rxf8+ Bxf8 34. Qd7 Qe7 35. Bg4 Ng5 36. Be6+ Kg7 37. Nd1 Rd8 38. Qxe7+ Bxe7 39. Ne3 Bf6 40. Bg4 Rf8 41. Bd1 h5 42. Bc2 Rf7 43. Nh1 Rf8 44. Nf2 Be7 45. Nh3 Rxf1 46. Nxf1 Nf7 47. Bd1 Nh6 48. Ng3 Kf6 49. Be2 Nf7 50. Kf3 Nh6 51. Ke3 Nf7 52. Kd3 a5 53. Ke3 Kg7 54. Bf1 Bh4 55. Kf3 Be7 56. Kg2 Nh6 57. Be2 Nf7 58. Ng1 Kf6 59. Nf3 Kg7 60. Bf1 Nh6 61. Nh2 Nf7 62. Kf2 Bg5 63. Nf3 Be7 64. Bh3 Kf6 65. Bd7 Nh6 66. Be8 Ng4+ 67. Ke2 Kg7 68. Bd7 Nf6 69. Be6 Ne8 70. Ke3 Kf6 71. Bd7 Ng7 72. Nf1 Bd8 73. N1d2 Ke7 74. Bc8 Kf6 75. Nb1 g5 76. Nh2 g4 77. Bxg4 hxg4 78. Nxg4+ Kg5 79. Kf3 Nh5 80. Nc3 Nf4 81. Nb5 Be7 82. Nf2 Kf6 83. Na7 Ng6 84. Nc8 Bd8 85. Nxd6 Ke7 86. Nf5+ Kd7 87. Ng4 Bc7 88. Nf6+ Kd8 89. b3 Bb8 90. Nh5 Nf4 91. Nxf4 exf4 92. Nh4 Kd7 93. Ng6 Kd6 94. Kxf4 Kd7+ 95. Kf5 Ke8 96. e5 1-0


[Site "https://www.chess.com"]

[Event "Titled Tuesday Blitz March 07 Late 2023"]
[White "Bilych, Olexiy"]
[Black "Yu, Yangyi"]
[WhiteFideId "14156504"]
[BlackFideId "8603820"]
[WhiteElo "2320"]
[BlackElo "2783"]
[Result "0-1"]
[Round "11"]
[TimeControl "180+2"]
[Date "2023.03.07"]
[WhiteClock "0:01:10"]
[BlackClock "0:02:03"]

1. d4 Nf6 2. c4 e6 3. Nf3 d5 4. Nc3 h6 5. cxd5 exd5 6. Bf4 Bd6 7. Bxd6 Qxd6 8. e3 O-O 9. Be2 Bf5 10. Qb3 Nbd7 11. O-O a6 12. Rac1 Rab8 13. Rfd1 c6 14. a4 a5 15. h3 Rfe8 16. Bd3 Bxd3 17. Rxd3 Ne4 18. Rdd1 Ng5 19. Nxg5 hxg5 20. Ne2 Nf6 21. Ng3 g4 22. hxg4 Nxg4 23. Re1 Qh6 24. Qd1 Qh2+ 25. Kf1 Nxe3+ 26. fxe3 Qxg3 27. Qf3 Qg6 28. Kg1 Re6 29. Rc3 Rbe8 30. Qf4 Rf6 31. Qc7 Qf5 32. Qg3 Re4 33. Rc2 Rg4 34. Qb8+ Kh7 35. Qxb7 Qxc2 0-1


[Site "https://www.chess.com"]

[Event "Titled Tuesday Blitz March 07 Late 2023"]
[White "Yoo, Christopher Woojin"]
[Black "Shapiro, David"]
[WhiteFideId "30909694"]
[BlackFideId "24133523"]
[WhiteElo "2519"]
[BlackElo "2300"]
[Result "0-1"]
[Round "11"]
[TimeControl "180+2"]
[Date "2023.03.07"]
[WhiteClock "0:00:08"]
[BlackClock "0:00:10"]

1. a3 d5 2. Nf3 Nf6 3. g3 Nc6 4. Bg2 e5 5. d3 a5 6. O-O Bc5 7. Bg5 h6 8. Bxf6 Qxf6 9. Nc3 Be6 10. e4 dxe4 11. Nxe4 Qe7 12. Re1 O-O 13. Nxc5 Qxc5 14. Nxe5 Nxe5 15. d4 Qb6 16. Rxe5 Qxb2 17. Rc5 c6 18. Rb1 Qxa3 19. Rxb7 Rad8 20. Rxc6 Qa4 21. h4 Rxd4 22. Qe1 Rc4 23. Rxe6 fxe6 24. Qxe6+ Kh8 25. Qe5 Rg4 26. Rc7 Qd4 27. Qxd4 Rxd4 28. Ra7 a4 29. Bc6 Rd2 30. Bxa4 Rfxf2 31. c4 Ra2 32. Ra8+ Kh7 33. Bc6 Rxa8 34. Kxf2 Ra3 35. Be4+ Kg8 36. c5 Rc3 37. c6 Kf7 38. Ke2 Ke7 39. g4 Kd6 40. g5 hxg5 41. hxg5 Rg3 42. g6 Rg5 43. Kd3 Rxg6 44. Ke3 Rf6 45. Kd4 Re6 46. Ke3 Re7 47. Kf4 Rc7 48. Kf5 Re7 49. Bf3 Rf7+ 50. Kg4 Rf6 51. Bg2 Kc7 52. Kg5 Rd6 53. Be4 Kd8 54. Kf5 Kc7 55. Ke5 Rf6 56. Bd5 Rf2 57. Be4 g5 58. Bf5 Kxc6 59. Bg4 Rf4 60. Bf5 Kc5 61. Be6 Rf2 62. Bf5 Kc4 63. Be4 Kc3 64. Bf5 Kd2 65. Ke4 Ke2 66. Bg4+ Kd2 67. Bf3 Ke1 68. Ke3 Kf1 69. Bg4 Kg1 70. Bf3 Rf1 71. Ke4 Rf2 72. Bh5 Rf4+ 73. Ke3 Kh2 74. Bf3 Kg3 75. Bd1 g4 76. Be2 Rf8 77. Bc4 Rf3+ 78. Ke4 Rf4+ 79. Kd3 Rxc4 80. Kxc4 Kf2 81. Kd4 g3 82. Ke4 g2 83. Kf4 g1=Q 84. Kf5 Qe1 85. Kf6 Qe3 0-1


[Site "https://www.chess.com"]

[Event "Titled Tuesday Blitz March 07 Late 2023"]
[White "Yuan, Qingyu"]
[Black "Iskusnyh, Sergei"]
[WhiteFideId "8609772"]
[BlackFideId "4120027"]
[WhiteElo "2359"]
[BlackElo "2492"]
[Result "1-0"]
[Round "11"]
[TimeControl "180+2"]
[Date "2023.03.07"]
[WhiteClock "0:00:03"]
[BlackClock "0:00:02"]

1. e4 e6 2. d4 d5 3. Nd2 c5 4. Ngf3 cxd4 5. Nxd4 Nc6 6. Bb5 Bd7 7. Nxc6 bxc6 8. Bd3 Qc7 9. Qe2 Bd6 10. Nf3 e5 11. exd5 cxd5 12. Nxe5 Bxe5 13. f4 Ne7 14. fxe5 Ng6 15. O-O O-O 16. Qh5 Qxe5 17. Qf3 Qd4+ 18. Qf2 Qxf2+ 19. Rxf2 Ne5 20. Bf1 Rac8 21. c3 Rfe8 22. h3 Nc4 23. Bf4 Ne3 24. Bd3 Nc4 25. Rd1 Be6 26. b3 Nb6 27. Bb5 Re7 28. Bd6 Rd7 29. Bxd7 Nxd7 30. Rc2 Nf6 31. Be5 Ne4 32. Bd4 h6 33. Bxa7 Nxc3 34. Rd3 Ra8 35. Rcxc3 Rxa7 36. a4 g5 37. Rd4 Kg7 38. Rc1 Rb7 39. b4 Kf6 40. Kf2 Ke5 41. Ke3 f5 42. g3 Rf7 43. Kd3 f4 44. Re1+ Kd6 45. gxf4 gxf4 46. Rf1 Bf5+ 47. Kd2 Be4 48. b5 Kc5 49. Kc3 Rc7 50. Rxf4 Kb6+ 51. Kd2 Rc2+ 52. Ke3 Rc3+ 53. Kd2 Rxh3 54. Rdxe4 dxe4 55. Rxe4 Ra3 56. Re6+ Kc5 57. Rc6+ Kd5 58. Ra6 Kc5 59. Ke2 h5 60. Kf2 h4 61. Kg2 h3+ 62. Kh2 Kc4 63. b6 Kc5 64. a5 Kc6 65. Ra7 Ra2+ 66. Kxh3 Ra3+ 67. Kg4 Ra4+ 68. Kf5 Ra1 69. Ke6 Re1+ 70. Kf7 Rf1+ 71. Ke8 Re1+ 72. Kd8 Rh1 73. Rc7+ Kd6 74. Rd7+ Kc6 75. Kc8 Rh8+ 76. Rd8 Rh7 77. Rf8 1-0


[Site "https://www.chess.com"]

[Event "Titled Tuesday Blitz March 07 Late 2023"]
[White "Real_OceanStorm"]
[Black "Skvortsov, Andrei"]
[BlackFideId "24108600"]
[WhiteElo "2801"]
[BlackElo "2259"]
[Result "1-0"]
[Round "11"]
[TimeControl "180+2"]
[Date "2023.03.07"]
[WhiteClock "0:00:07"]
[BlackClock "0:01:06"]

1. e4 d5 2. exd5 Qxd5 3. Nf3 Bg4 4. Nc3 Qe6+ 5. Qe2 Nc6 6. Qxe6 Bxe6 7. Ng5 Bf5 8. Nd5 Rc8 9. c3 e6 10. Ne3 Bg6 11. d4 h6 12. Nf3 Nf6 13. Bb5 Be4 14. Ne5 a6 15. Bxc6+ Bxc6 16. Nxc6 bxc6 17. b4 Nd5 18. Bd2 f6 19. Ke2 Nf4+ 20. Kf3 g5 21. g3 Nd5 22. a4 Kd7 23. h4 Bg7 24. Kg2 f5 25. Nxd5 cxd5 26. hxg5 hxg5 27. Bxg5 e5 28. Be3 Kc6 29. Rhd1 Rcg8 30. b5+ axb5 31. axb5+ Kxb5 32. dxe5 c6 33. Rdb1+ Kc4 34. Ra6 Rc8 35. Ra4+ Kxc3 36. Bd4+ Kc2 37. Rb2+ Kd3 38. Rb3+ Kc2 39. Rc3+ Kd2 40. Ra2+ Kd1 41. Be3 1-0


[Site "https://www.chess.com"]

[Event "Titled Tuesday Blitz March 07 Late 2023"]
[White "Mirzoev, Azer"]
[Black "Fier, Alexandr"]
[WhiteFideId "13400304"]
[BlackFideId "2107139"]
[WhiteElo "2525"]
[BlackElo "2610"]
[Result "0-1"]
[Round "11"]
[TimeControl "180+2"]
[Date "2023.03.07"]
[WhiteClock "0:00:01"]
[BlackClock "0:00:31"]

1. d4 Nf6 2. Nf3 b6 3. c4 Bb7 4. Nc3 d5 5. e3 e6 6. cxd5 Nxd5 7. Nxd5 exd5 8. Ne5 Bd6 9. Bb5+ c6 10. Bd3 Nd7 11. Nxd7 Qxd7 12. Qh5 c5 13. dxc5 bxc5 14. O-O g6 15. Qh6 O-O-O 16. Bd2 Kb8 17. Rfd1 Qc6 18. Qh3 h5 19. Rac1 Qa4 20. a3 Bc8 21. Qf3 Bg4 22. Bc2 Qd7 23. Qf6 Bxd1 24. Bxd1 Qe6 25. Qc3 Qe5 26. Qb3+ Kc8 27. g3 Rhe8 28. Bf3 Bf8 29. Ba5 Rd7 30. Qb5 Qd6 31. Bb4 Qb6 32. Qa4 Re6 33. Ba5 Qa6 34. b4 Rb6 35. h4 Rbb7 36. Kg2 Qb5 37. Qd1 c4 38. Qd4 Qc6 39. Qf4 Qd6 40. Qg5 Qe6 41. Rd1 Rb5 42. Qf4 Bd6 43. Qd4 Bc7 44. Qxa7 Bxa5 45. Qa8+ Rb8 46. Qxa5 Qb6 47. Qa4 Qb7 48. Rc1 Kd8 49. Qa5+ Qb6 50. Qa4 Qd6 0-1


[Site "https://www.chess.com"]

[Event "Titled Tuesday Blitz March 07 Late 2023"]
[White "Costachi, Mihnea"]
[Black "Averjanov, Alexey"]
[WhiteFideId "1217518"]
[BlackFideId "14109867"]
[WhiteElo "2456"]
[BlackElo "2615"]
[Result "1-0"]
[Round "11"]
[TimeControl "180+2"]
[Date "2023.03.07"]
[WhiteClock "0:00:05"]
[BlackClock "0:00:02"]

1. d4 d5 2. c4 dxc4 3. Nf3 Nf6 4. e3 e6 5. Bxc4 a6 6. O-O c5 7. Bb3 Nc6 8. Nc3 cxd4 9. exd4 Be7 10. Be3 Nb4 11. Qe2 O-O 12. Bg5 Nbd5 13. Bc2 b6 14. Ne5 Bb7 15. Rac1 Rc8 16. Bb1 g6 17. Rfd1 Re8 18. h4 Nh5 19. Nxd5 Qxd5 20. Nf3 Bf8 21. Qe5 Bg7 22. Qxd5 Bxd5 23. Be3 Nf6 24. Ne5 Be4 25. Bxe4 Nxe4 26. Nc4 Rc6 27. Ne5 Rcc8 28. Nd7 b5 29. f3 Nd6 30. b3 Nf5 31. Kf2 Red8 32. Rxc8 Rxc8 33. Nc5 Rc6 34. b4 Nxh4 35. d5 exd5 36. Rxd5 h5 37. Rd8+ Kh7 38. Rd7 Kg8 39. g4 hxg4 40. fxg4 Be5 41. Bg5 Bf6 42. Be3 Be5 43. Bg5 Bf6 44. Bf4 g5 45. Bg3 a5 46. a3 axb4 47. axb4 Ng6 48. Ke3 Bc3 49. Nd3 Kg7 50. Rd5 Re6+ 51. Kf3 Rf6+ 52. Kg2 Nf4+ 53. Bxf4 gxf4 54. Kf3 Re6 55. Kxf4 Bd2+ 56. Kf3 f6 57. Kf2 Re4 58. Rxb5 Rxg4 59. Rd5 Bxb4 60. Kf3 Rc4 61. Rd7+ Kg6 62. Nf4+ Kh6 63. Nd5 Bc3 64. Rd6 Be5 65. Re6 Kg5 66. Ne3 Rc3 67. Ke2 Rc5 68. Re8 Ra5 69. Rg8+ Kh6 70. Nf5+ Kh7 71. Rg4 Ra2+ 72. Kf3 Ra3+ 73. Ke2 Rc3 74. Ne7 Kh6 75. Nf5+ Kh5 76. Rg8 Rc1 77. Ke3 Rf1 78. Ng3+ Kh6 79. Nxf1 Kh7 80. Rg2 f5 81. Kf3 Kh6 82. Ne3 f4 83. Nd5 1-0


[Site "https://www.chess.com"]

[Event "Titled Tuesday Blitz March 07 Late 2023"]
[White "Clarke, Brandon G I"]
[Black "Rytenko, Vsevolod"]
[WhiteFideId "400319"]
[BlackFideId "14133040"]
[WhiteElo "2414"]
[BlackElo "2262"]
[Result "1-0"]
[Round "11"]
[TimeControl "180+2"]
[Date "2023.03.07"]
[WhiteClock "0:01:52"]
[BlackClock "0:01:47"]

1. e4 c5 2. Nf3 e6 3. d4 cxd4 4. Nxd4 Nc6 5. Nc3 Nf6 6. Nxc6 bxc6 7. e5 Nd5 8. Ne4 f5 9. exf6 Nxf6 10. Nd6+ Bxd6 11. Qxd6 Qe7 12. Bf4 Qxd6 13. Bxd6 Ne4 14. Be5 O-O 15. f3 Nf6 16. Bd6 Rf7 17. O-O-O Ne8 18. Be5 d5 19. Bd3 Bb7 20. Rhe1 c5 21. c4 Nf6 22. Bd6 dxc4 23. Bxc4 Bd5 24. Bxd5 exd5 25. Bxc5 Rc7 26. b4 a5 27. Kb2 axb4 28. Bxb4 Rc4 29. a3 d4 30. Rc1 Rxc1 31. Rxc1 Nd5 32. Rd1 Re8 33. Rxd4 Re2+ 34. Rd2 Re5 35. Bd6 Rf5 36. g4 1-0


[Site "https://www.chess.com"]

[Event "Titled Tuesday Blitz March 07 Late 2023"]
[White "Rorrer, Grayson"]
[Black "Mendez Fortes, Eduardo Jesus"]
[WhiteFideId "30944996"]
[BlackFideId "3502376"]
[WhiteElo "2200"]
[BlackElo "2307"]
[Result "1-0"]
[Round "11"]
[TimeControl "180+2"]
[Date "2023.03.07"]
[WhiteClock "0:02:23"]
[BlackClock "0:01:41"]

1. c4 e6 2. Nf3 Nf6 3. e3 d5 4. Qc2 c5 5. d4 cxd4 6. Nxd4 e5 7. Nf3 Nc6 8. cxd5 Nxd5 9. a3 a6 10. Bc4 Be6 11. O-O Rc8 12. Qe2 b5 13. Ba2 Qf6 14. Rd1 Nc7 15. Bxe6 Nxe6 16. Nc3 Qg6 17. a4 b4 18. Qxa6 Rc7 19. Nb5 Rd7 20. Qxc6 1-0


[Site "https://www.chess.com"]